 Dungeon Crawl Stone Soup version 0.24-a0-479-g9a978d2894 (console) character file.

Game seed: 13499981666320060662

9678 nht the Cleaver (level 11, -3/91 HPs)
             Began as a Minotaur Hunter on July 6, 2019.
             Was an Elder of Okawaru.
             Slain by a centaur
             ... wielding a cursed +0 shortbow
              (5 damage)
             ... on level 9 of the Dungeon.
             The game lasted 00:18:09 (9856 turns).

nht the Cleaver (Minotaur Hunter)                   Turns: 9856, Time: 00:18:10

Health: -3/91      AC: 12    Str: 21    XL:     11   Next: 26%
Magic:  13/13      EV:  8    Int:  8    God:    Okawaru [****..]
Gold:   106        SH:  0    Dex: 12    Spells: 10/10 levels left

rFire    . . .     SeeInvis .   b - +0 war axe (freeze)
rCold    . . .     Gourm    .   (no shield)
rNeg     . . .     Faith    .   q - +0 chain mail
rPois    +         Spirit   .   (helmet restricted)
rElec    .         Reflect  .   (no cloak)
rCorr    .         Harm     .   e - +1 pair of gloves
MR       .....                  (no boots)
Stlth    ..........             (no amulet)
HPRegen  0.25/turn              A - ring of poison resistance
MPRegen  0.13/turn              w - +2 ring of strength

@: no status effects
A: retaliatory headbutt, claws 2, horns 2, poison resistance
a: Heroism, Renounce Religion


You were on level 9 of the Dungeon.
You worshipped Okawaru.
Okawaru was greatly pleased with you.
You were not hungry.

You visited 2 branches of the dungeon, and saw 11 of its levels.

You collected 421 gold pieces.
You spent 315 gold pieces at shops.

Inventory:

Hand Weapons
 a - a +2 hand crossbow
 b - a +0 war axe of freezing (weapon)
 h - the +6 lajatang of Tortfeasance {slice, *Noise MP-9 Str+8 Int+3}
   (You found it on level 8 of the Dungeon)

   It inflicts extra damage upon your enemies.
   It affects your strength (+8).
   It affects your intelligence (+3).
   It affects your magic capacity (-9).
   It may make noises in combat.
 y - the +0 hand crossbow "Quamios" {flame, rElec rC- Str+5 Dex+2}
   (You bought it in a shop on level 5 of the Dungeon)

   It causes projectiles fired from it to burn those they strike, causing extra
   injury to most foes and up to half again as much damage against particularly
   susceptible opponents.
   It affects your strength (+5).
   It affects your dexterity (+2).
   It makes you vulnerable to cold.
   It insulates you from electricity.
Missiles
 d - 122 bolts
Armour
 e - a +1 pair of gloves (worn)
 q - a +0 chain mail (worn)
Jewellery
 c - an uncursed ring of flight
 i - an uncursed amulet of harm
 n - an uncursed ring of magical power
 w - a +2 ring of strength (right hand)
 A - a ring of poison resistance (left hand)
Scrolls
 j - a scroll of enchant weapon
 k - 3 scrolls of remove curse
 l - 3 scrolls of identify
 o - 3 scrolls of teleportation
 t - a scroll of enchant armour
 u - 3 scrolls of fog
 B - a scroll of magic mapping
 D - 3 scrolls of amnesia
Potions
 g - a potion of heal wounds
 m - a potion of flight
 p - 7 potions of curing
 r - a potion of might
 s - a potion of agility
 z - a potion of resistance
Comestibles
 f - 21 rations


   Skills:
 + Level 6.8 Fighting
 * Level 14.3 Axes
 - Level 10.0 Crossbows
 + Level 6.2 Armour
 - Level 2.1 Dodging
 - Level 0.7 Stealth
 + Level 5.2 Invocations


You had 10 spell levels left.
You didn't know any spells.
Your spell library contained the following spells:

 Spells                   Type           Power        Failure   Level  Hunger
 Cause Fear               Hex            #.........   100%        4    #####..
 Silence                  Hex/Air        #.........   100%        5    ######.
 Yara's Violent Unravell  Hex/Tmut       #.........   100%        5    ######.
 Deflect Missiles         Chrm/Air       #.........   100%        6    #######
 Discord                  Hex            #.........   100%        8    #######


Dungeon Overview and Level Annotations

Branches:
Dungeon (10/15)            Temple (1/1) D:7            Lair (0/6) D:10
    Orc: D:9-12

Altars:
Ashenzari
Cheibriados
Dithmenos
Elyvilon
Fedhas
Gozag
Hepliaklqana
Kikubaaqudgha
Makhleb
Nemelex Xobeh
Okawaru
Qazlal
Ru
Sif Muna
Trog
Uskayaw
Vehumet
Wu Jian
Xom
Yredelemnul
Zin
The Shining One

Shops:
D:5 (   D:8 ![}}


Innate Abilities, Weirdness & Mutations

You reflexively headbutt those who attack you in melee.
You have a pair of horns on your head.
You have very sharp fingernails.
Your system is resistant to poisons. (rPois)


Message History

You hit the orc but do no damage.
The centaur hits you with a cursed +0 shortbow.
The orc barely misses you.
You hit the centaur but do no damage.
The centaur is severely wounded.
You slash the orc! You freeze the orc.
The orc explodes!
The fiery explosion engulfs you!!! Okawaru accepts your kill.
You are engulfed in blazing flames.
* * * LOW HITPOINT WARNING * * *
The centaur barely misses you.
You barely miss the centaur. You headbutt the centaur.
The centaur is severely wounded.
You are engulfed in blazing flames.
* * * LOW HITPOINT WARNING * * *
The centaur hits you but does no damage.
Unknown command.
The centaur hits you with a cursed +0 shortbow.
You die...

█.....█................█.
█.....█................█.
█..████..................
█.....██████████████.....
█.....█.......█..........
█...███.......█..........
█.............██████...█.
█.............█....█...█.
█..(.§.§@.....█....█...█.
█...(§§§c.....█....█...█.
█..█.§█§......█........█.
█..█..█.......█........█.
█..█..█.......██████...█.
█..█..█............█...█.
█..█..█............█...█.
███████............█...█.
█.....█.......█....█...█.


You could see a centaur.

Vanquished Creatures
  A hydra (D:9)
  A two-headed ogre (D:8)
  A troll (D:10)
  A hornet (D:8)
  Grinder (D:3)
  15 yaks
  2 basilisks (D:10)
  2 hungry ghosts
  A water moccasin (D:8)
  2 orc warriors
  4 porcupines (D:10)
  An ice beast (D:5)
  A black bear (D:7)
  2 sky beasts
  6 ogres
  A crocodile (D:10)
  A centaur (D:10)
  A big kobold (D:8)
  A gnoll sergeant (D:10)
  10 bullfrogs
  2 water moccasin skeletons (D:9)
  4 scorpions
  5 wights (D:6)
  3 howler monkeys (D:7)
  A crimson imp (D:7)
  3 centaur skeletons
  2 centaur zombies
  3 hounds
  6 orc priests
  2 bullfrog skeletons
  10 orc wizards
  Jessica (D:3)
  6 iguanas
  11 worker ants
  Natasha (thrice) (D:2)
  2 hound skeletons
  A howler monkey zombie (D:5)
  3 worker ant zombies
  12 gnolls
  15 adders
  2 shadow imps
  An ooze (D:4)
  2 adder zombies
  2 adder skeletons
  2 worms
  2 dart slugs
  3 leopard geckos
  44 orcs
  3 giant cockroaches
  9 goblins
  5 hobgoblins
  7 jackals
  7 quokkas
  4 ball pythons
  7 bats
  6 frilled lizards
  9 kobolds
  2 leopard gecko skeletons
  A quokka skeleton (D:7)
  A quokka zombie (D:6)
  3 rats
272 creatures vanquished.

Vanquished Creatures (others)
  A fungus (D:10)
  3 plants (D:10)
  4 toadstools (D:1)
8 creatures vanquished.

Grand Total: 280 creatures vanquished

Notes
Turn   | Place    | Note
-------+----------+-------------------------------------------
     0 | D:1      | nht the Minotaur Hunter began the quest for the Orb.
     0 | D:1      | Reached XP level 1. HP: 18/18 MP: 0/0
   165 | D:1      | Reached XP level 2. HP: 25/25 MP: 1/1
   209 | D:1      | Reached skill level 5 in Crossbows
   888 | D:2      | Found an opulent altar of Gozag.
  1085 | D:2      | Found an ornate altar of the Wu Jian Council.
  1088 | D:2      | Noticed Natasha
  1092 | D:2      | Noticed a crimson imp
  1098 | D:2      | Killed Natasha
  1098 | D:2      | Reached XP level 3. HP: 13/30 MP: 2/2
  1289 | D:2      | Reached XP level 4. HP: 37/37 MP: 3/3
  1291 | D:2      | Noticed Natasha
  1294 | D:2      | Killed Natasha
  1358 | D:2      | Found a shadowy altar of Dithmenos.
  1364 | D:2      | Found a bloodstained altar of Trog.
  1387 | D:2      | Noticed Natasha
  1400 | D:2      | Killed Natasha
  1639 | D:3      | Reached XP level 5. HP: 39/42 MP: 4/4
  1831 | D:3      | Noticed Jessica
  1835 | D:3      | Killed Jessica
  1874 | D:3      | Reached XP level 6. HP: 38/50 MP: 5/5
  2388 | D:3      | Noticed Grinder
  2390 | D:3      | Paralysed by Grinder for 5 turns
  2397 | D:3      | Paralysed by Grinder for 7 turns
  2407 | D:3      | Killed Grinder
  2407 | D:3      | Reached XP level 7. HP: 31/56 MP: 6/6
  2775 | D:4      | Reached skill level 10 in Crossbows
  2905 | D:4      | Reached skill level 2 in Axes
  2913 | D:4      | Reached skill level 3 in Axes
  3129 | D:4      | Reached skill level 4 in Axes
  3142 | D:4      | Gained mutation: You have sharp fingernails. [potion of
                  | mutation]
  3142 | D:4      | Gained mutation: You have very sharp fingernails. [potion
                  | of mutation]
  3142 | D:4      | Gained mutation: Your system is resistant to poisons.
                  | (rPois) [potion of mutation]
  3177 | D:4      | Reached XP level 8. HP: 12/62 MP: 7/7
  3179 | D:4      | Reached skill level 5 in Axes
  3720 | D:5      | Entered Level 5 of the Dungeon
  4005 | D:5      | Reached skill level 6 in Axes
  4173 | D:5      | Reached skill level 7 in Axes
  4343 | D:5      | Found Jeagimak's Antique Weapon Shop.
  4349 | D:5      | Bought an iridescent hand crossbow for 161 gold pieces
  4349 | D:5      | Identified the cursed +0 hand crossbow "Quamios" {flame,
                  | rElec rC- Str+5 Dex+2} (You bought it in a shop on level 5
                  | of the Dungeon)
  4386 | D:5      | Found a shadowy altar of Dithmenos.
  4750 | D:6      | Reached skill level 8 in Axes
  4926 | D:6      | Reached skill level 9 in Axes
  5128 | D:6      | Reached XP level 9. HP: 67/68 MP: 8/8
  5240 | D:6      | Found a blossoming altar of Fedhas.
  5623 | D:7      | Reached skill level 10 in Axes
  5673 | D:7      | Found a sacrificial altar of Ru.
  5683 | D:7      | Found a staircase to the Ecumenical Temple.
  5691 | Temple   | Entered the Ecumenical Temple
  5913 | Temple   | Became a worshipper of Warmaster Okawaru
  6097 | D:7      | Reached skill level 11 in Axes
  6287 | D:7      | Reached * piety under Okawaru
  6420 | D:7      | Reached skill level 12 in Axes
  6420 | D:7      | Reached skill level 1 in Armour
  6420 | D:7      | Reached skill level 1 in Invocations
  6744 | D:8      | Found Jobial's Gadget Emporium.
  6746 | D:8      | Got a warped lajatang
  6747 | D:8      | Identified the +6 lajatang of Tortfeasance {slice, *Noise
                  | MP-9 Str+8 Int+3} (You found it on level 8 of the Dungeon)
  6836 | D:8      | Noticed a two-headed ogre
  6843 | D:8      | Reached ** piety under Okawaru
  7192 | D:9      | Noticed an eight-headed hydra
  7243 | D:9      | Noticed a two-headed ogre
  7258 | D:9      | Reached XP level 10. HP: 30/78 MP: 10/10
  7571 | D:8      | Killed a two-headed ogre
  7571 | D:8      | Reached *** piety under Okawaru
  7571 | D:8      | Reached skill level 13 in Axes
  7643 | D:8      | Reached skill level 5 in Fighting
  7948 | D:8      | Paralysed by a hornet for 2 turns
  8083 | D:8      | Found Depron's Antique Armour Boutique.
  8104 | D:8      | Found Cugeugh's Gadget Shop.
  8124 | D:8      | Found Baisip's Distillery.
  8130 | D:8      | Bought a potion of might for 56 gold pieces
  8130 | D:8      | Bought a potion of agility for 56 gold pieces
  8130 | D:8      | Bought a potion of lignification for 42 gold pieces
  8359 | D:8      | Reached **** piety under Okawaru
  8359 | D:8      | Received a gift from Okawaru
  8558 | D:10     | Entered Level 10 of the Dungeon
  8584 | D:10     | Received a gift from Okawaru
  8584 | D:10     | Reached skill level 5 in Armour
  9057 | D:10     | Found a staircase to the Lair.
  9077 | D:10     | Received a gift from Okawaru
  9079 | D:10     | Reached XP level 11. HP: 51/89 MP: 10/13
  9079 | D:10     | Reached skill level 14 in Axes
  9465 | D:9      | Killed an eight-headed hydra
  9465 | D:9      | Received a gift from Okawaru
  9465 | D:9      | Reached skill level 5 in Invocations
  9855 | D:9      | HP: 1/91 [cloud of flame (8)]
  9856 | D:9      | Slain by a centaur

Levels and vault maps discovered:
D:1:      ldierk_walled_garden_2, layout_basic
D:2:      layout_basic, lemuel_doored_altar, amethyst_overflow_temple_binary,
          grunt_gozag_breadcrumbs, uniq_natasha
D:3:      layout_loops_ring, first_ration, uniq_jessica, uniq_grinder
D:4:      layout_cave_pods
D:5:      layout_loops_corners, serial_shops, shop, minmay_misc_feat_rows,
          minmay_misc_feat_diagonals, nicolae_dithmenos_through_a_glass_darkly
D:6:      layout_basic, fedhas_altar_3
D:7:      layout_loops_ring, minmay_temple_entry_drinking_statues, basic_altar,
          chequers_serial_rivers_micro_a, grunt_ogre_cave
D:8:      layout_basic, serial_shops, nicolae_shop_statue_plus,
          nicolae_shop_stone, shop, nicolae_shop_statue_plus
D:9:      layout_grid_maze
D:10:     minmay_coctagon, layout_basic, minmay_lair_entry_grove, serial_shops,
          nicolae_shop_stone
Temple:   dpeg_five_rooms_temple

Skill      XL: |  1  2  3  4  5  6  7  8  9 10 11 |
---------------+----------------------------------+-----
Crossbows      | 5 6 7 8 9 10 | 10.0
Axes           | 4 9 12 13 14 | 14.3
Armour         | 2 5 6 |  6.2
Invocations    | 2 4 5 |  5.2
Fighting       | 3 6 |  6.8
Dodging        | |  2.1
Stealth        | |  0.7

Action                   |  1- 3 |  4- 6 |  7- 9 | 10-12 || total
-------------------------+-------+-------+-------+-------++-------
Melee: Hand axe          |       |    64 |   134 |       ||   198
       Headbutt          |       |     7 |    63 |    36 ||   106
       War axe           |       |       |   203 |   141 ||   344
       Lajatang          |       |       |    29 |       ||    29
       Hand crossbow     |       |       |     2 |       ||     2
 Fire: Hand crossbow     |    61 |    95 |   161 |    90 ||   407
Invok: Heroism           |       |       |       |     6 ||     6
Evoke: Wand              |       |       |    23 |     2 ||    25
  Use: Scroll            |       |     5 |    10 |     4 ||    19
       Potion            |       |       |     8 |     1 ||     9
  Eat: Chunk             |     1 |     4 |    19 |     8 ||    32
       Ration            |       |       |       |     1 ||     1
Armor: Leather armour    |       |     1 |       |       ||     1
       Chain mail        |       |    52 |   253 |    74 ||   379
       Skin              |       |       |     4 |    30 ||    34
Dodge: Dodged            |     7 |    46 |   173 |    63 ||   289

Table legend:
 A = Non-vault XP
 B = Vault XP
 C = Vault XP percentage of total XP
 D = Non-vault monster count
 E = Vault monster count
 F = Vault count percentage of total count
                 A         B        C        D         E       F
            +---------+---------+-------+---------+---------+-------
      Total |   11490 |    2336 |  16.9 |     256 |      16 |   5.9
            +---------+---------+-------+---------+---------+-------
        D:1 |      24 |       0 |   0.0 |      14 |       0 |   0.0
        D:2 |     118 |      35 |  22.9 |      22 |       1 |   4.3
        D:3 |     306 |     304 |  49.8 |      32 |       2 |   5.9
        D:4 |     834 |       0 |   0.0 |      34 |       0 |   0.0
        D:5 |     568 |       0 |   0.0 |      17 |       0 |   0.0
        D:6 |     650 |       0 |   0.0 |      19 |       0 |   0.0
        D:7 |    1590 |     113 |   6.6 |      47 |       1 |   2.1
        D:8 |    3350 |       0 |   0.0 |      31 |       0 |   0.0
        D:9 |    2689 |       0 |   0.0 |      23 |       0 |   0.0
       D:10 |    1361 |    1884 |  58.1 |      17 |      12 |  41.4
            +---------+---------+-------+---------+---------+-------
